 Dungeon Crawl Stone Soup version 0.29-a0-515-g7c1fb6cc08 (console) character file.

Game seed: 18116801374194165453

4669 FIQ the Destroyer (level 10, -7/63 HPs)
             Began as a Demonspawn Conjurer on May 30, 2022.
             Was a Believer of Vehumet.
             Mangled by a vault guard
             ... wielding a +0 broad axe
              (15 damage)
             ... in a bailey on May 31, 2022.
             The game lasted 00:24:23 (9586 turns).

FIQ the Destroyer (Demonspawn Conjurer)             Turns: 9586, Time: 00:24:23

Health: -7/63      AC:  8    Str:  8    XL:     10   Next: 20%
Magic:  12/22      EV: 15    Int: 23    God:    Vehumet [**....]
Gold:   391        SH:  4    Dex: 12    Spells: 18/25 levels left

rFire   . . .      SeeInvis .   D - +0 dagger (speed)
rCold   . . .      Faith    .   (no shield)
rNeg    + . .      Spirit   .   p - +2 robe {Will+}
rPois   .          Reflect  .   (helmet unavailable)
rElec   .          Harm     .   C - scarf {repulsion}
rCorr   .          Rampage  .   (no gloves)
Will    +....                   (no boots)
Stlth   ++........              (no amulet)
HPRegen 0.20/turn               r - ring of positive energy
MPRegen 0.18/turn               A - +4 ring of protection

@: repel missiles
A: horns 3, large bone plates 1, powered by death 2, powered by pain 1,
MP-powered wands
a: Renounce Religion


You were in a bailey.
You worshipped Vehumet.
Vehumet was pleased with you.
You visited 1 branch of the dungeon, and saw 8 of its levels.
You also visited: Bailey.

You collected 589 gold pieces.
You spent 198 gold pieces at shops.

Inventory:

Hand Weapons
 D - a +0 dagger of speed (weapon)
Armour
 a - a +0 robe
 p - a +2 robe of willpower (worn)
 s - a +2 robe of cold resistance
 t - a +3 leather armour of positive energy
 C - a scarf of repulsion (worn)
 G - the +4 plate armour of Stained Joy {Int+4}
   (You found it on level 7 of the Dungeon)

   Int:       It affects your intelligence (+4).
Jewellery
 r - a ring of positive energy (left hand)
 A - a +4 ring of protection (right hand)
 H - the ring of Xiegheun {Fire Slay+2}
   (You took it off a kobold on level 7 of the Dungeon)

   [ring of fire]

   It enhances your fire magic.
   Slay:      It affects your accuracy & damage with ranged weapons and melee
   (+2).
   rF:        It protects you from fire.
   rC:        It makes you vulnerable to cold.
 J - a ring of poison resistance
Wands
 z - a wand of polymorph (9)
 B - a wand of mindburst (13)
 E - a wand of iceblast (6)
 F - a wand of paralysis (3)
Scrolls
 e - 4 scrolls of fear {unknown}
 g - 4 scrolls of blinking {unknown}
 i - a scroll of fog {unknown}
 j - a scroll of enchant weapon {unknown}
 l - a scroll of brand weapon {unknown}
 m - a scroll of immolation {unknown}
 n - a scroll of vulnerability {unknown}
 o - 4 scrolls of amnesia {unknown}
 u - 2 scrolls of torment {unknown}
 v - a scroll of summoning {unknown}
 w - a scroll of enchant armour {unknown}
 x - 2 scrolls of silence {unknown}
 y - a scroll of teleportation
Potions
 b - a potion of magic
 c - 3 potions of degeneration
 d - 5 potions of curing
 f - a potion of resistance
 h - 3 potions of berserk rage
 k - a potion of cancellation
 q - 2 potions of brilliance


   Skills:
 + Level 8.2 Dodging
 - Level 1.7 Stealth
 + Level 8.2 Spellcasting
 + Level 9.6 Conjurations


You had 18 spell levels left.
You knew the following spells:

 Your Spells              Type           Power      Damage    Failure   Level
a - Magic Dart            Conj           100%       1d8       1%          1
b - Searing Ray           Conj           100%       2d8       1%          2
c - Fulminant Prism       Conj/Hex       15%        3d11      10%         4

Your spell library contained the following spells:

 Spells                   Type           Power      Damage    Failure   Level
 Shock                    Conj/Air       100%       1d9       1%          1
 Dazzling Flash           Conj/Hex       62%        N/A       2%          3
 Stone Arrow              Conj/Erth      62%        3d10      2%          3
 Apportation              Tloc           18%        N/A       7%          1
 Iskenderun's Mystic Bla  Conj/Tloc      31%        2d8       10%         4
 Animate Armour           Summ/Erth      18%        N/A       56%         4
 Agony                    Necr           9%         N/A       88%         5
 Alistair's Intoxication  Tmut/Pois      6%         N/A       88%         5
 Silence                  Hex/Air        4%         N/A       88%         5
 Lehudib's Crystal Spear  Conj/Erth      15%        10d5      100%        8


Dungeon Overview and Level Annotations

Branches:
Dungeon (8/15)             Temple (0/1) D:6          Bailey (1/1)
   Lair: D:8-11

Altars:
Cheibriados
Dithmenos
Fedhas
Hepliaklqana
Makhleb
Nemelex Xobeh
Trog
Uskayaw
Vehumet
Wu Jian
Xom
The Shining One

Shops:
D:3 [


Innate Abilities, Weirdness & Mutations

You have a pair of large horns on your head.
You are partially covered in large bone plates. (SH +4)
You regenerate health from kills.
You sometimes gain a little power by taking damage.
You expend magic power (3 MP) to strengthen your wands.


Message History

The vault guard is heavily wounded.
The vault guard misses you.
The searing ray hits the vault guard.
The vault guard is severely wounded.
The vault guard hits you with a +0 broad axe!
The searing ray hits the vault guard!
The vault guard is almost dead.
You finish channelling your searing ray.
The vault guard hits you with a +0 broad axe!
The searing ray hits the vault guard but does no damage.
The vault guard is severely wounded. (Press . to maintain the ray.)
The vault guard hits you with a +0 broad axe!
You focus on the pain.
You feel your power returning.
You are too injured to fight recklessly!
The searing ray hits the vault guard.
The vault guard is almost dead.
The vault guard drinks a potion.
The vault guard seems to speed up.
The searing ray hits the vault guard but does no damage.
The vault guard is almost dead.
The vault guard hits you with a +0 broad axe.
* * * LOW HITPOINT WARNING * * *
The searing ray hits the vault guard but does no damage.
The vault guard is almost dead.
You finish channelling your searing ray.
The vault guard hits you with a +0 broad axe!
* * * LOW HITPOINT WARNING * * *
You block the vault guard's attack.
Okay, then.
Okay, then.
Okay, then.
Aiming: Paralyse
Press: ? - help, Shift-Dir - straight line
Okay, then.
Aiming: Paralyse
Press: ? - help, Shift-Dir - straight line You feel a surge of power!
The vault guard resists with almost no effort.
The vault guard hits you with a +0 broad axe!
You die...

###≈≈.....≈≈≈≈#
##≈≈..≈.≈≈≈≈#
#≈≈....≈≈≈≈###
##≈≈..≈≈≈≈≈#.##
#≈≈..≈≈≈≈##..##
#≈≈.≈≈≈≈≈#....##
##≈≈.≈##≈##.....#
#≈≈..≈####......#
#≈≈..≈#.))).....#
###p###..####+###
#..@..#...##≈≈≈##
#.....#†..#≈≈≈≈≈#
#..####)..#≈≈≈≈≈#
#....#))).#≈≈≈≈≈#
##......#)#'#≈≈##
##....##.÷.####
######.....#
#.∩.∩.# #.....#
##...## #####


You could see a vault guard (fast).

Vanquished Creatures
  A vault guard (Bailey)
  A cyclops (D:7)
  Prince Ribbit (Bailey)
  3 humans (Bailey)
  3 black bears
  3 ice beasts
  An ogre (D:5)
  4 kobold brigands
  Blork the orc (D:5)
  15 bullfrogs
  A necrophage (D:4)
  A scorpion (D:5)
  2 howler monkeys
  3 hounds
  5 jellies
  6 orc priests
  2 gnoll shamans
  An iguana (D:5)
  5 orc wizards
  Ijyb (D:4)
  7 gnolls (D:4)
  12 adders
  2 shadow imps (D:7)
  A white imp (D:7)
  2 ufetubi
  A worm (D:3)
  2 dart slugs (D:3)
  19 orcs
  3 bats
  3 endoplasms
  3 giant cockroaches
  16 goblins
  9 hobgoblins
  6 quokkas
  9 ball pythons
  2 frilled lizards
  24 kobolds
  12 rats
193 creatures vanquished.

Vanquished Creatures (others)
  11 fulminant prisms
  A plant (D:7)
12 creatures vanquished.

Grand Total: 205 creatures vanquished

Notes
Turn   | Place    | Note
-------+----------+-------------------------------------------
     0 | D:1      | FIQ the Demonspawn Conjurer began the quest for the Orb.
     0 | D:1      | Reached XP level 1. HP: 13/13 MP: 3/3
    76 | D:1      | Found a faded altar of an unknown god.
   605 | D:1      | Gained mutation: You have a pair of small horns on your
                  | head. [demonic ancestry]
   605 | D:1      | Reached XP level 2. HP: 19/19 MP: 3/5
  1283 | D:2      | Reached XP level 3. HP: 24/24 MP: 2/6
  1351 | D:2      | Learned a level 2 spell: Searing Ray
  2388 | D:3      | Gained mutation: You regenerate a little health from kills.
                  | [demonic ancestry]
  2388 | D:3      | Reached XP level 4. HP: 30/30 MP: 4/8
  3142 | D:3      | Found Woets's Antique Armour Emporium.
  3170 | D:3      | Bought an embroidered robe for 99 gold pieces
  3170 | D:3      | Bought a glowing robe for 99 gold pieces
  3257 | D:3      | Found a snail-covered altar of Cheibriados.
  3346 | D:3      | Reached XP level 5. HP: 28/35 MP: 0/9
  3446 | D:3      | Found a burning altar of Makhleb.
  3638 | D:4      | Reached skill level 5 in Conjurations
  3876 | D:4      | Found a hazy altar of Hepliaklqana.
  4269 | D:4      | Gained mutation: You sometimes gain a little power by
                  | taking damage. [demonic ancestry]
  4269 | D:4      | Reached XP level 6. HP: 41/41 MP: 2/11
  4730 | D:4      | Noticed an ice beast
  4736 | D:4      | Killed an ice beast
  4909 | D:4      | Gained mutation: You sometimes lose the ability to read
                  | scrolls when taking damage. [potion of mutation]
  4909 | D:4      | Gained mutation: You are agile. (Dex +2) [potion of
                  | mutation]
  4910 | D:4      | Lost mutation: You are agile. (Dex +2) [potion of mutation]
  4910 | D:4      | Lost mutation: You sometimes lose the ability to read
                  | scrolls when taking damage. [potion of mutation]
  4910 | D:4      | Gained mutation: You have a pair of horns on your head.
                  | [potion of mutation]
  4910 | D:4      | Gained mutation: You expend magic power (3 MP) to
                  | strengthen your wands. [potion of mutation]
  4993 | D:5      | Entered Level 5 of the Dungeon
  4994 | D:5      | Noticed Ijyb
  5001 | D:4      | Learned a level 4 spell: Fulminant Prism
  5198 | D:5      | Mutation became permanent: You have a pair of small horns
                  | on your head. [demonic ancestry]
  5198 | D:5      | Gained mutation: You have a pair of horns on your head.
                  | [demonic ancestry]
  5198 | D:5      | Reached XP level 7. HP: 46/46 MP: 0/13
  5275 | D:4      | Reached skill level 6 in Conjurations
  5502 | D:4      | Killed Ijyb
  5592 | D:5      | Noticed Blork the orc
  5598 | D:5      | Killed Blork the orc
  5599 | D:5      | Reached skill level 5 in Spellcasting
  5761 | D:5      | Reached skill level 5 in Dodging
  5931 | D:5      | Gained mutation: You have a pair of large horns on your
                  | head. [demonic ancestry]
  5931 | D:5      | Reached XP level 8. HP: 52/52 MP: 7/15
  5985 | D:5      | Found a bloodstained altar of Trog.
  6435 | D:6      | Reached skill level 7 in Conjurations
  6703 | D:6      | Found a radiant altar of Vehumet.
  6718 | D:6      | Became a worshipper of Vehumet
  7010 | D:6      | Found a staircase to the Ecumenical Temple.
  7080 | D:6      | Found a hide-covered altar of Uskayaw.
  7282 | D:6      | Found a blossoming altar of Fedhas.
  7482 | D:7      | Reached * piety under Vehumet
  7482 | D:7      | Offered knowledge of Freeze by Vehumet.
  7503 | D:7      | Found a sparkling altar of Nemelex Xobeh.
  7503 | D:7      | Identified the +4 plate armour of Stained Joy {Int+4}
  7620 | D:7      | Gained mutation: You are partially covered in large bone
                  | plates. (SH +4) [demonic ancestry]
  7620 | D:7      | Reached XP level 9. HP: 57/57 MP: 9/18
  7679 | D:7      | Identified the ring of Xiegheun {Fire Slay+2}
  7735 | D:7      | Found a shimmering altar of Xom.
  8099 | D:7      | Found a shadowy altar of Dithmenos.
  8285 | D:7      | Noticed a cyclops
  8296 | D:7      | Killed a cyclops
  8297 | D:7      | Reached skill level 8 in Conjurations
  8632 | D:8      | Found an ornate altar of the Wu Jian Council.
  8719 | D:8      | Found a flagged portal.
  8723 | D:8      | Reached ** piety under Vehumet
  8723 | D:8      | Offered knowledge of Shock by Vehumet.
  8730 | Bailey   | Entered a bailey
  8943 | Bailey   | Reached skill level 9 in Conjurations
  9334 | Bailey   | Noticed Prince Ribbit
  9334 | Bailey   | Noticed a vault guard
  9338 | Bailey   | Gained mutation: You regenerate health from kills. [demonic
                  | ancestry]
  9338 | Bailey   | Reached XP level 10. HP: 63/63 MP: 17/21
  9350 | Bailey   | Killed a vault guard
  9354 | Bailey   | Killed Prince Ribbit
  9463 | Bailey   | Noticed a vault guard
  9586 | Bailey   | Mangled by a vault guard

Illustrated notes

Levels and vault maps discovered:
D:1:      dpeg_arrival_windows_large_door, layout_basic,
          ebering_ecumenical_altar_rust, minivault_14, minmay_rat_gold_closets
D:2:      layout_loops_ring, hangedman_decor_riveting
D:3:      layout_loops_ring, bloody_makhleb,
          mainiacjoe_overflow_surrounded_room, serial_shops, shop
D:4:      layout_cave_pools, nzn_hepliaklqana_mist_gate
D:5:      layout_rooms, amcnicky_altar_gilded, minmay_liquid_box, uniq_ijyb,
          uniq_blork_the_orc
D:6:      layout_loops_ring, nicolae_uskayaw_dance_studio,
          mainiacjoe_overflow_swirl, minmay_temple_entry_hall
D:7:      layout_layer_cave, tso_oasis_becter, general_overflow_altar,
          mainiacjoe_overflow_brackets, minmay_ruined_shrine
D:8:      layout_basic, nicolae_overflow_crystal_walls, lemuel_round_altar,
          enter_bailey_3, minmay_manual_monstrance
Bailey:   bailey_axe_froggy_fort_hellmonk, bailey

Skill      XL: |  1  2  3  4  5  6  7  8  9 10 |
---------------+-------------------------------+-----
Dodging        | 2 3 4 5 6 7 8 |  8.2
Spellcasting   | 3 4 5 6 7 8 |  8.2
Conjurations   | 5 6 7 9 |  9.6
Stealth        | |  1.7

Action                   |  1- 3 |  4- 6 |  7- 9 | 10-12 || total
-------------------------+-------+-------+-------+-------++-------
Melee: Unarmed           |     9 |    16 |       |       ||    25
       Headbutt          |     1 |     4 |     7 |     2 ||    14
       Dagger            |       |       |    32 |     9 ||    41
 Cast: Magic Dart        |    45 |     1 |       |       ||    46
       Searing Ray       |    14 |    55 |    84 |     4 ||   157
       Fulminant Prism   |       |     1 |     5 |     5 ||    11
Evoke: Wand              |       |       |       |     2 ||     2
  Use: Scroll            |     3 |     3 |     2 |       ||     8
       Potion            |       |     2 |       |       ||     2
Armor: Robe              |     1 |     6 |     5 |       ||    12
       Leather armour    |       |     1 |    74 |       ||    75
Dodge: Dodged            |     7 |    34 |   126 |     8 ||   175
       Repelled          |       |       |     1 |       ||     1
Block: Other             |       |       |    21 |     1 ||    22

Table legend: (Time is in decaauts)
 A = Elapsed time spent in this place.
 B = Non-inter-level travel time spent in this place.
 C = Inter-level travel time spent in this place.
 D = Time resting spent in this place.
 E = Time spent auto-exploring this place.
 F = Levels seen in this place.
 G = Mean time per level.
                   A        B        C        D        E       F      G
               +--------+--------+--------+--------+--------+-----+--------+
         Total |   9579 |   9255 |    324 |      0 |   7594 |   9 | 1064.3 |
       Dungeon |   8728 |   8404 |    324 |      0 |   6938 |   8 | 1091.0 |
        Bailey |    850 |    850 |      0 |      0 |    656 |   1 |  850.0 |
               +--------+--------+--------+--------+--------+-----+--------+

Top non-repeatable levels by time:
     D:4: 1814 daAuts
     D:3: 1349 daAuts
     D:1: 1244 daAuts
     D:6: 1195 daAuts
     D:7: 1134 daAuts
     D:2: 1003 daAuts
     D:5: 856 daAuts
  Bailey: 850 daAuts
     D:8: 130 daAuts
